 Dungeon Crawl Stone Soup version 0.29.1-13-g9f3cf754e1 (webtiles) character file.

Game seed: 8314087704137538225

53 devnull the Grave Robber (level 3, -2/24 HPs)
             Began as a Demonspawn Necromancer on Jan 28, 2023.
             Slain by an ogre
             ... wielding a +0 giant club
              (26 damage)
             ... on level 3 of the Dungeon.
             The game lasted 00:03:29 (1955 turns).

devnull the Grave Robber (Demonspawn Necromancer)   Turns: 1955, Time: 00:03:29

Health: -2/24      AC:  8    Str:  8    XL:     3   Next: 62%
Magic:  0/6        EV: 10    Int: 18    God:
Gold:   148        SH:  0    Dex: 13    Spells: 5/6 levels left

rFire   . . .      SeeInvis .   a - +0 dagger
rCold   . . .      Faith    .   (no shield)
rNeg    . . .      Spirit   .   k - +0 ring mail
rPois   .          Reflect  .   f - +0 helmet
rElec   .          Harm     .   (no cloak)
rCorr   .          Rampage  .   (no gloves)
Will    .....                   (no boots)
Stlth   +.........              (no amulet)
HPRegen 0.08/turn               (no ring)
MPRegen 0.10/turn               (no ring)

@: no status effects
A: yellow scales 1
a: no special abilities


You were on level 3 of the Dungeon.
You visited 1 branch of the dungeon, and saw 3 of its levels.

You collected 148 gold pieces.

Inventory:

Hand Weapons
 a - a +0 dagger (weapon)
 b - a +0 sling
Armour
 f - a +0 helmet (worn)
 k - a +0 ring mail (worn)
Scrolls
 c - a scroll of noise {unknown}
 d - a scroll of fear {unknown}
 j - a scroll of acquirement {unknown}
 l - a scroll of teleportation
 m - 2 scrolls of identify {unknown}
Potions
 e - a potion of attraction {unknown}
 g - a potion of magic
 h - 4 potions of curing {unknown}
 i - 2 potions of heal wounds {unknown}
 n - a potion of brilliance {unknown}


   Skills:
 - Level 1.7 Dodging
 - Level 1.7 Stealth
 - Level 2.0 Spellcasting
 + Level 5.9 Necromancy


You had 5 spell levels left.
You knew the following spells:

 Your Spells              Type           Power      Damage    Failure   Level
a - Necrotise             Necr           92%        1d8       4%          1

Your spell library contained the following spells:

 Spells                   Type           Power      Damage    Failure   Level
 Vampiric Draining        Necr           23%        2d7       14%         3
 Animate Dead             Necr           23%        N/A       43%         4
 Agony                    Necr           23%        N/A       80%         5


Dungeon Overview and Level Annotations

Branches:
Dungeon (3/15)

Altars:


Innate Abilities, Weirdness & Mutations

You are partially covered in yellow scales. (AC +2)


Message History

Orders for allies: a - Attack new target. p - Attack previous target. r - Retreat! s - Stop attacking. g - Guard the area. f - Follow me.
Anything else - Cancel.
Okay, then.
Aiming: Necrotise (safe; 4% risk of failure)
Press: ? - help, Q - select action Shift-Dir - straight line, f/p - ogre
Aim: an ogre, wielding a +0 giant club (ally target, chance to affect: 81%)
The ogre writhes in agony.
Your bat skeleton closely misses the ogre.
Your bat skeleton hits the ogre but does no damage.
Aiming: Necrotise (safe; 4% risk of failure)
Press: ? - help, Q - select action Shift-Dir - straight line, f/p - ogre
Aim: an ogre, wielding a +0 giant club (moderately wounded, ally target, chance to affect: 81%)
The ogre barely resists.
Your bat skeleton barely misses the ogre.
Your bat skeleton hits the ogre but does no damage.
Your bat skeleton barely misses the ogre.
Aiming: Necrotise (safe; 4% risk of failure)
Press: ? - help, Q - select action Shift-Dir - straight line, f/p - ogre
Aim: an ogre, wielding a +0 giant club (moderately wounded, ally target, chance to affect: 81%)
The ogre writhes in agony!
Your bat skeleton hits the ogre but does no damage.
Your bat skeleton completely misses the ogre.
Your bat skeleton hits the ogre.
A hobgoblin comes into view.
Aiming: Necrotise (safe; 4% risk of failure)
Press: ? - help, Q - select action Shift-Dir - straight line, f/p - ogre
Aim: an ogre, wielding a +0 giant club (severely wounded, ally target, chance to affect: 81%)
The ogre writhes in agony.
Your bat skeleton barely misses the ogre.
Aiming: Necrotise (safe; 4% risk of failure)
Press: ? - help, Q - select action Shift-Dir - straight line, f/p - ogre
Aim: an ogre, wielding a +0 giant club (severely wounded, ally target, chance to affect: 81%)
The ogre writhes in agony.
Your bat skeleton hits the ogre but does no damage.
Your bat skeleton hits the ogre.
The ogre hits you with a +0 giant club!!
Ouch! That really hurt!
You die...

#.....$....#
#....g.....#
#..........#
#..........#
#..........#
####....Z.....#
........O......
.......@#
...............
##########..###
...# #.# .


You could see an ogre (ally target), a hobgoblin and a friendly bat skeleton.

Vanquished Creatures
  An adder (D:2)
  2 dart slugs (D:2)
  2 ball pythons (D:1)
  3 endoplasms
  A giant cockroach (D:1)
  5 hobgoblins
  7 bats
  3 frilled lizards (D:1)
  8 goblins
  3 rats
35 creatures vanquished.

Vanquished Creatures (collateral kills)
  A ball python (D:2)
1 creature vanquished.

Vanquished Creatures (others)
  A plant (D:2)
1 creature vanquished.

Grand Total: 37 creatures vanquished

Notes
Turn   | Place    | Note
-------+----------+-------------------------------------------
     0 | D:1      | devnull the Demonspawn Necromancer began the quest for the
                  | Orb.
     0 | D:1      | Reached XP level 1. HP: 13/13 MP: 3/3
   340 | D:1      | Gained mutation: You are partially covered in yellow
                  | scales. (AC +2) [demonic ancestry]
   340 | D:1      | Reached XP level 2. HP: 19/19 MP: 3/5
   468 | D:1      | Reached skill level 5 in Necromancy
  1308 | D:2      | Reached XP level 3. HP: 24/24 MP: 2/6
  1392 | D:2      | Found a faded altar of an unknown god.
  1948 | D:3      | Noticed an ogre
  1955 | D:3      | Slain by an ogre

Illustrated notes

Levels and vault maps discovered:
D:1:      matt_arrival_grand_opening, layout_loops_corners
D:2:      layout_rooms, chequers_ecumenical_altar_island, minivault_19,
          minivault_26, guppyfry_early_lair_pool
D:3:      layout_basic, mainiacjoe_overflow_big_doors,
          mainiacjoe_overflow_large_starburst, serial_shops,
          nicolae_shop_crystal

Skill      XL: |  1  2 |
---------------+-------+-----
Necromancy     | 5 |  5.9
Dodging        | |  1.7
Stealth        | |  1.7
Spellcasting   | |  2.0

Action                   || total
-------------------------++-------
Melee: Dagger            ||    11
 Fire: Sling             ||     1
 Cast: Necrotise         ||    59
  Use: Scroll            ||     1
Armor: Robe              ||     1
       Ring mail         ||     3
Dodge: Dodged            ||    15
